Map: Cyber Forest LE

Players

스나트

  • Race: Protoss Protoss
  • Spawn Location: 11:00

playezvibe - Winner!

  • Race: Zerg Zerg
  • Spawn Location: 5:00

VOD

Have the link to the VOD?

Description

Time

  • Played on: June 2, 2019, 7:25 a.m.
  • Length: 15:27
Show
View Real Time Build Order
Export as new Build Order

스나트 Protoss 

Build Orders:  

Get SALT Encoding   

  12  0:24  Pylon  
  12  0:31  Probe  
  13  0:39  Probe  
  13  0:45  Gateway  
  13  0:49  Probe  
  15  1:00  Forge  
  15  1:01  Probe  
  16  1:07  Assimilator  
  16  1:10  Probe  
  17  1:24  Gateway  
  17  1:59  Photon Cannon  
  17  2:00  Photon Cannon  
  17  2:18  Photon Cannon  
  17  2:19  Photon Cannon  
  17  2:24  Probe, Cybernetics Core  
  18  2:32  Probe  
  18  2:35  Pylon  
  19  2:38  Pylon  
  19  2:42  Probe  
  20  2:55  Assimilator  
  20  2:58  Warp Gate  
  20  3:17  Nexus  
  20  3:20  Probe  
  21  3:28  Probe  
  22  3:38  Probe  
  22  3:39  Pylon  
  25  3:54  Adept  
  25  3:56  Adept  
  27  4:06  Gateway  
  27  4:10  Assimilator  
  27  4:24  Adept  
  29  4:36  Pylon  
  29  4:54  Photon Cannon, Adept  
  29  4:59  Adept  
  33  5:03  Protoss Ground Weapons Level 1  
  32  5:23  Adept  
  32  5:24  Adept  
  36  5:45  Gateway  
  36  5:50  Gateway  
  36  5:54  Adept  
  36  5:55  Stargate  
  38  6:03  Shield Battery  
  39  6:04  Probe  
  39  6:06  Adept  
  41  6:16  Probe, Adept  
  42  6:28  Probe  
  42  6:29  Stalker  
  45  6:40  Probe  
  46  6:48  Adept  
  46  6:49  Adept x2  
  46  6:50  Adept  
  46  6:52  Probe  
  55  7:04  Probe  
  56  7:16  Probe  
  57  7:28  Probe  
  58  7:41  Probe  
  59  7:57  Twilight Council  
  59  8:06  Stargate  
  59  8:09  Stargate  
  59  8:12  Stargate  
  59  8:15  Stargate x2  
  59  8:25  Probe  
  59  8:28  Assimilator  
  59  8:33  Probe, Adept  
  62  8:39  Adept x3  
  69  8:43  Probe  
  70  8:55  Pylon  
  70  8:56  Pylon  
  70  8:58  Pylon  
  70  9:03  Resonating Glaives  
  70  9:10  Probe  
  70  9:13  Phoenix x2  
  75  9:18  Probe  
  75  9:20  Adept  
  75  9:21  Adept x2  
  75  9:22  Adept  
  84  9:37  Fleet Beacon  
  84  9:46  Probe  
  85  10:00  Phoenix x2  
  89  10:24  Adept  
  89  10:26  Adept  
  93  10:31  Nexus  
  93  10:35  Pylon  
  93  10:37  Pylon  
  93  10:38  Pylon  
  93  10:40  Pylon  
  93  10:45  Probe  
  94  10:53  Phoenix x3  
  94  10:56  Assimilator  
  100  10:58  Assimilator  
  100  11:02  Pylon  
  100  11:07  Adept  
  100  11:09  Phoenix x2  
  102  11:16  Phoenix  
  108  11:35  Adept  
  108  11:37  Adept  
  108  11:39  Adept  
  114  11:48  Anion Pulse-Crystals  
  114  11:52  Phoenix  
  116  12:25  Probe  
  117  12:35  Probe  
  118  12:43  Probe  
  118  12:51  Phoenix x6, Probe  
  132  12:59  Probe  
  132  13:01  Probe  
  134  13:07  Probe  
  134  13:08  Phoenix  
  134  13:09  Phoenix  
  135  13:16  Phoenix x2  
  135  13:19  Probe  
  144  13:31  Probe  
  145  13:35  Pylon  
  145  13:37  Pylon  
  145  13:44  Probe  
  146  13:56  Probe  
  151  14:14  Tempest x3  
  162  14:32  Tempest  
Show
View Real Time Build Order
Export as new Build Order

playezvibe Zerg - Winner!

Build Orders: Pool First 

Get SALT Encoding   

  12  0:09  Drone x2  
  14  0:17  Extractor  
  14  0:21  Extractor  
  12  0:22  Drone x2  
  16  0:34  Overlord  
  16  0:51  Spawning Pool  
  16  0:56  Drone x2  
  17  1:19  Drone x2  
  17  1:21  Hatchery  
  18  1:36  Extractor  
  18  1:37  Drone  
  18  1:38  Drone  
  19  1:52  Queen  
  21  2:11  Overlord  
  21  2:13  Zergling x2  
  22  2:28  Queen  
  24  2:33  Zergling x4  
  26  3:01  Drone x2  
  26  3:02  Drone  
  29  3:08  Drone x2  
  29  3:09  Drone  
  32  3:14  Overlord  
  32  3:22  Drone  
  32  3:23  Drone x2  
  35  3:28  Metabolic Boost  
  35  3:32  Lair  
  35  3:38  Drone x4  
  35  3:39  Drone  
  40  3:49  Drone x2  
  42  3:58  Drone x2  
  44  4:05  Overlord  
  44  4:25  Hatchery  
  44  4:26  Pneumatized Carapace  
  43  4:37  Drone x2  
  43  4:38  Drone x2  
  47  4:45  Overlord x3  
  44  5:23  Drone x3  
  47  5:39  Hydralisk Den  
  46  5:59  Queen  
  46  6:00  Drone  
  46  6:01  Drone x2  
  51  6:11  Extractor  
  51  6:13  Grooved Spines  
  50  6:52  Hydralisk  
  50  6:53  Hydralisk x3  
  56  6:54  Hydralisk x2  
  62  7:05  Drone x2  
  62  7:06  Drone  
  65  7:22  Extractor  
  65  7:27  Extractor  
  63  7:41  Extractor  
  63  7:42  Evolution Chamber  
  61  7:48  Drone, Evolution Chamber  
  61  7:49  Drone x2  
  61  7:50  Extractor  
  62  7:56  Drone x2  
  62  7:57  Drone  
  65  8:02  Drone  
  65  8:03  Drone x2  
  68  8:11  Drone x2  
  70  8:20  Zerg Missile Weapons Level 1  
  70  8:22  Zerg Ground Armor Level 1  
  70  8:29  Infestation Pit  
  70  8:31  Muscular Augments  
  69  9:05  Overseer  
  69  9:25  Overlord  
  69  9:26  Overlord  
  69  9:27  Overlord  
  69  9:28  Hydralisk x2  
  73  9:34  Overlord x2  
  73  9:35  Overlord x4  
  73  9:36  Overlord x2  
  73  9:37  Overlord x3  
  73  9:38  Overlord x3  
  73  9:43  Hydralisk x2  
  73  9:44  Hydralisk x3  
  73  9:45  Hydralisk  
  85  9:49  Hydralisk  
  85  9:50  Hydralisk x5  
  97  9:59  Hive  
  97  10:01  Hydralisk x3  
  103  10:16  Hydralisk x3  
  103  10:20  Zerg Missile Weapons Level 2  
  109  10:22  Zerg Ground Armor Level 2  
  109  10:25  Lair  
  109  10:26  Hydralisk  
  109  10:27  Hydralisk x2  
  115  10:35  Drone x4  
  119  10:40  Hydralisk x3  
  125  10:46  Hydralisk  
  125  10:47  Hydralisk x5  
  137  10:54  Hydralisk x4  
  145  11:02  Drone x2  
  147  11:11  Hydralisk  
  147  11:12  Hydralisk  
  147  11:18  Hydralisk x5  
  151  11:24  Hydralisk  
  151  11:25  Hydralisk x3  
  167  11:32  Hydralisk x3  
  175  11:43  Hydralisk x4  
  178  12:30  Hydralisk x2  
  178  12:31  Hydralisk x4  
  190  12:37  Hydralisk x2  
  190  12:38  Hydralisk x2  
  198  12:46  Overlord x3  
  198  12:47  Hydralisk  
  200  12:53  Overseer  
  200  12:56  Overseer  
  200  13:18  Overseer  
  200  13:33  Overseer  
  200  13:42  Hive  
  200  13:44  Lair  
Tags
 
Matchup
PvZ
Opening
Pool First
Spawn Locations
Cross Positions
Add a new tag
Caveats
  • Supply blocks, unpowered buildings, or Contaminate may cause inaccurate times.
  • Supply counts are checked every 10 seconds.